BSA
KANSAS CITY KINGS @ PLYMOUTH ROCKS
04/30/2027
 
TOP OF THE 1ST
Kansas City Kings batting - Pitching for Plymouth Rocks : RHP José Morán
Pitching: RHP José Morán
Batting: LHB Bruno Lalonde 0-0: Ball
1-0: Called Strike
1-1: Called Strike
1-2: Ball
2-2: Strikes out looking
Batting: SHB António De La Cruz 0-0: Ball
1-0: Ground out 3-1 (Groundball, 34)
Batting: RHB Toshimichi Kono 0-0: Swinging Strike
0-1: Fly out, F4 (Line Drive, 4)
Top of the 1st over - 0 run(s), 0 hit(s), 0 error(s), 0 left on base; Kansas City 0 - Plymouth 0
BOTTOM OF THE 1ST
Plymouth Rocks batting - Pitching for Kansas City Kings : RHP Carlos Pacheco
Pitching: RHP Carlos Pacheco
Batting: SHB Víctor Serrano 0-0: Fly out, F8 (Line Drive, 8RD)
Batting: LHB Roger Moore 0-0: Foul Ball, location: 2F
0-1: Called Strike
0-2: Strikes out swinging
Batting: LHB Roy Patrick 0-0: Ground out 4-3 (Groundball, 4)
Bottom of the 1st over - 0 run(s), 0 hit(s), 0 error(s), 0 left on base; Kansas City 0 - Plymouth 0
TOP OF THE 2ND
Kansas City Kings batting - Pitching for Plymouth Rocks : RHP José Morán
Batting: LHB Pablo Reyes 0-0: Called Strike
0-1: Ball
1-1: Ball
2-1: Fly out, F7 (Line Drive, 7)
Batting: RHB Chris Chandler 0-0: Foul Ball, location: 2F
0-1: Called Strike
0-2: Ball
1-2: Ball
2-2: Strikes out swinging
Batting: LHB Brian Boone 0-0: DOUBLE (Line Drive, 9LM)
Batting: SHB José Cruz 0-0: Ball
1-0: Ball
2-0: SINGLE (Groundball, 34D)
Brian Boone to third
Runner from 3rd tries for Home, SAFE, no throw
Batting: RHB Eric Fuller 0-0: Called Strike
0-1: Foul Ball, location: 2F
0-2: Ball
1-2: Ball
2-2: SINGLE (Groundball, 56D)
José Cruz to second
Batting: RHB Raúl Bruno 0-0: SINGLE (Groundball, 4D)
José Cruz to third
Eric Fuller to second
Runner from 3rd tries for Home, SAFE, no throw
Batting: LHB Bruno Lalonde 0-0: Reached on error, E3 (Groundball, 3L)
Eric Fuller to third
Raúl Bruno to second
Batting: SHB António De La Cruz 0-0: GRAND SLAM HOME RUN (Flyball, 8RXD), Distance : 454 ft
Batting: RHB Toshimichi Kono 0-0: Called Strike
0-1: Fly out, F9 (Flyball, 9)
Top of the 2nd over - 6 run(s), 5 hit(s), 1 error(s), 0 left on base; Kansas City 6 - Plymouth 0
BOTTOM OF THE 2ND
Plymouth Rocks batting - Pitching for Kansas City Kings : RHP Carlos Pacheco
Batting: LHB Roberto García 0-0: Ball
1-0: Fly out, F8 (Line Drive, 8RM)
Batting: RHB António Gonzáles 0-0: Ball
1-0: Ball
2-0: Ball
3-0: Called Strike
3-1: Base on Balls
Batting: RHB Luis Sánchez 0-0: Ball
1-0: Called Strike
1-1: Swinging Strike
1-2: SINGLE (Groundball, 56D)
António Gonzáles to second
Batting: LHB Barrett Waters 0-0: Ball
1-0: Ball
2-0: Fly out, F4 (Popup, 4)
Batting: RHB Taylor McFarland 0-0: SINGLE (Groundball, 56D)
António Gonzáles to third
Luis Sánchez to second
Runner from 3rd tries for Home, SAFE, no throw
Batting: RHB Javier Rentería 0-0: Ball
1-0: Called Strike
1-1: Ground out 1-3 (Groundball, 13S)
Bottom of the 2nd over - 1 run(s), 2 hit(s), 0 error(s), 2 left on base; Kansas City 6 - Plymouth 1
TOP OF THE 3RD
Kansas City Kings batting - Pitching for Plymouth Rocks : RHP José Morán
Batting: LHB Pablo Reyes 0-0: Ball
1-0: Foul Ball, location: 2F
1-1: SINGLE (Line Drive, 7S)
Batting: RHB Chris Chandler 0-0: Ball
1-0: Ball
2-0: Ball
3-0: Called Strike
3-1: Foul Ball, location: 2F
3-2: 2-RUN HOME RUN (Flyball, 78XD), Distance : 419 ft
Batting: LHB Brian Boone 0-0: Ball
1-0: Ball
2-0: Called Strike
2-1: Fly out, F7 (Line Drive, 78M)
Batting: SHB José Cruz 0-0: Ball
1-0: Called Strike
1-1: Ball
2-1: DOUBLE (Flyball, 89XD)
Batting: RHB Eric Fuller 0-0: Ground out 6-3 (Groundball, 6)
Batting: RHB Raúl Bruno 0-0: Swinging Strike
0-1: Ball
1-1: Ball
2-1: Foul Ball, location: 2F
2-2: Ball
3-2: Strikes out looking
Top of the 3rd over - 2 run(s), 3 hit(s), 0 error(s), 1 left on base; Kansas City 8 - Plymouth 1
BOTTOM OF THE 3RD
Plymouth Rocks batting - Pitching for Kansas City Kings : RHP Carlos Pacheco
Batting: SHB Víctor Serrano 0-0: Ball
1-0: Called Strike
1-1: Ground out 4-3 (Groundball, 4M)
Batting: LHB Roger Moore 0-0: Ball
1-0: Ball
2-0: Foul Ball, location: 2F
2-1: Ball
3-1: Ground out 4-3 (Groundball, 4S)
Batting: LHB Roy Patrick 0-0: Ball
1-0: Ball
2-0: Foul Ball, location: 2F
2-1: Called Strike
2-2: SINGLE (Line Drive, 6MD)
Batting: LHB Roberto García 0-0: Ball
1-0: Called Strike
1-1: Ball
2-1: SINGLE (Flyball, 8LS)
Roy Patrick to second
Runner from 2nd tries for 3rd, SAFE, throw made to third
Roberto García to second
Batting: RHB António Gonzáles 0-0: Called Strike
0-1: Ball
1-1: Ground out 6-3 (Groundball, 6)
Bottom of the 3rd over - 0 run(s), 2 hit(s), 0 error(s), 2 left on base; Kansas City 8 - Plymouth 1
TOP OF THE 4TH
Kansas City Kings batting - Pitching for Plymouth Rocks : RHP José Morán
Pitching: RHP Mario Torres
Batting: LHB Bruno Lalonde 0-0: Ball
1-0: Ball
2-0: Called Strike
2-1: Ball
3-1: Base on Balls
Batting: SHB António De La Cruz 0-0: Swinging Strike
0-1: Ball
1-1: Ball
2-1: 2-RUN HOME RUN (Flyball, 89XD), Distance : 417 ft
Batting: RHB Toshimichi Kono 0-0: Ball
1-0: Ball
2-0: Called Strike
2-1: Foul Ball, location: 2F
2-2: Ball
3-2: Strikes out swinging
Batting: LHB Pablo Reyes 0-0: Ball
1-0: Foul Ball, location: 2F
1-1: Ball
2-1: Foul Ball, location: 2F
2-2: Fly out, F8 (Flyball, 78M)
Batting: RHB Chris Chandler 0-0: Called Strike
0-1: Ball
1-1: Foul Ball, location: 2F
1-2: Foul Ball, location: 2F
1-2: Ball
2-2: DOUBLE (Line Drive, 7D)
Batting: LHB Brian Boone 0-0: Ball
1-0: Swinging Strike
1-1: Swinging Strike
1-2: Ball
2-2: Strikes out looking
Top of the 4th over - 2 run(s), 2 hit(s), 0 error(s), 1 left on base; Kansas City 10 - Plymouth 1
BOTTOM OF THE 4TH
Plymouth Rocks batting - Pitching for Kansas City Kings : RHP Carlos Pacheco
Batting: RHB Luis Sánchez 0-0: Ball
1-0: Ball
2-0: Ball
3-0: Called Strike
3-1: Called Strike
3-2: Base on Balls
Batting: LHB Barrett Waters 0-0: Ball
1-0: Called Strike
1-1: Called Strike
1-2: Grounds into double play, 3-6-3 (Groundball, 3)
Batting: RHB Taylor McFarland 0-0: Ball
1-0: Swinging Strike
1-1: Ball
2-1: Ground out 5-3 (Groundball, 56)
Bottom of the 4th over - 0 run(s), 0 hit(s), 0 error(s), 0 left on base; Kansas City 10 - Plymouth 1
TOP OF THE 5TH
Kansas City Kings batting - Pitching for Plymouth Rocks : RHP Mario Torres
Batting: SHB José Cruz 0-0: Called Strike
0-1: Called Strike
0-2: Ball
1-2: Strikes out swinging
Batting: RHB Eric Fuller 0-0: Ball
1-0: Called Strike
1-1: Ball
2-1: Swinging Strike
2-2: SOLO HOME RUN (Flyball, 78XD), Distance : 435 ft
Pitching: RHP Lorenzo Ramos
Batting: RHB Raúl Bruno 0-0: Ball
1-0: Called Strike
1-1: Called Strike
1-2: SINGLE (Groundball, 56D)
Batting: LHB Bruno Lalonde 0-0: Called Strike
0-1: Swinging Strike
0-2: Strikes out swinging
Batting: SHB António De La Cruz 0-0: Ball
Raúl Bruno is caught stealing 2nd base
Top of the 5th over - 1 run(s), 2 hit(s), 0 error(s), 0 left on base; Kansas City 11 - Plymouth 1
BOTTOM OF THE 5TH
Plymouth Rocks batting - Pitching for Kansas City Kings : RHP Carlos Pacheco
Batting: RHB Javier Rentería 0-0: Ball
1-0: Ball
2-0: Ball
3-0: Base on Balls
Batting: SHB Víctor Serrano 0-0: Ball
1-0: Called Strike
1-1: Foul Ball, location: 2F
1-2: Foul Ball, location: 2F
1-2: Ball
2-2: Ball
3-2: Reached on error, E1 (Groundball, 15S)
Javier Rentería to second
Batting: LHB Roger Moore 0-0: Ball
Javier Rentería steals 3rd base
Víctor Serrano to second
1-0: Foul Ball, location: 2F
1-1: Ball
2-1: Ball
3-1: Called Strike
3-2: Ground out U3 (Groundball, 3L)
Batting: LHB Roy Patrick 0-0: Swinging Strike
0-1: Ball
1-1: Swinging Strike
1-2: Fly out, F7 (Flyball, 7S)
Batting: LHB Roberto García 0-0: Foul Ball, location: 2F
0-1: 3-RUN HOME RUN (Line Drive, 89XD), Distance : 420 ft
Batting: RHB António Gonzáles 0-0: Ball
1-0: Called Strike
1-1: Called Strike
1-2: Fly out, F7 (Flyball, 7LS)
Bottom of the 5th over - 3 run(s), 1 hit(s), 1 error(s), 0 left on base; Kansas City 11 - Plymouth 4
TOP OF THE 6TH
Kansas City Kings batting - Pitching for Plymouth Rocks : RHP Lorenzo Ramos
Batting: SHB António De La Cruz 0-0: Ball
1-0: Ball
2-0: Ball
3-0: Base on Balls
Batting: RHB Toshimichi Kono 0-0: Foul Ball, location: 2F
0-1: Foul Ball, location: 2F
0-2: Foul Ball, location: 2F
0-2: Ball
1-2: Ball
2-2: Ball
3-2: Fly out, F9 (Flyball, 89S)
Batting: LHB Pablo Reyes 0-0: Ball
1-0: Fly out, F7 (Line Drive, 7S)
Batting: RHB Chris Chandler 0-0: Fly out, F7 (Flyball, 7LS)
Top of the 6th over - 0 run(s), 0 hit(s), 0 error(s), 1 left on base; Kansas City 11 - Plymouth 4
BOTTOM OF THE 6TH
Plymouth Rocks batting - Pitching for Kansas City Kings : RHP Carlos Pacheco
Batting: RHB Luis Sánchez 0-0: Called Strike
0-1: Ball
1-1: Ball
2-1: Ball
3-1: Foul Ball, location: 2F
3-2: Ground out 6-3 (Groundball, 6)
Batting: LHB Barrett Waters 0-0: Called Strike
0-1: Ball
1-1: Fly out, F9 (Line Drive, 9S)
Batting: RHB Taylor McFarland 0-0: Called Strike
0-1: Swinging Strike
0-2: Ball
1-2: Ball
2-2: Ground out U3 (Groundball, 3L)
Bottom of the 6th over - 0 run(s), 0 hit(s), 0 error(s), 0 left on base; Kansas City 11 - Plymouth 4
TOP OF THE 7TH
Kansas City Kings batting - Pitching for Plymouth Rocks : RHP Lorenzo Ramos
Batting: LHB Brian Boone 0-0: Called Strike
0-1: SINGLE (Line Drive, 89S)
Batting: SHB José Cruz 0-0: Ball
1-0: Ball
2-0: Ball
3-0: Called Strike
3-1: Called Strike
3-2: Fly out, F8 (Flyball, 8LM)
Pitching: LHP Manuel Parra
Batting: RHB Eric Fuller 0-0: Foul Ball, location: 2F
0-1: Ball
1-1: Ball
2-1: Foul Ball, location: 2F
2-2: Foul Ball, location: 2F
2-2: Ball
Brian Boone steals 2nd base
3-2: Fly out, F3 (Popup, 3L)
Batting: RHB Raúl Bruno 0-0: Called Strike
0-1: Fly out, F9 (Line Drive, 9)
Top of the 7th over - 0 run(s), 1 hit(s), 0 error(s), 1 left on base; Kansas City 11 - Plymouth 4
BOTTOM OF THE 7TH
Plymouth Rocks batting - Pitching for Kansas City Kings : RHP Carlos Pacheco
Pitching: RHP Larry Pérez
Batting: RHB Javier Rentería 0-0: Called Strike
0-1: Foul Ball, location: 2F
0-2: Strikes out swinging
Batting: SHB Víctor Serrano 0-0: Ball
1-0: Called Strike
1-1: Ground out U3 (Groundball, 34)
Batting: LHB Roger Moore 0-0: Ball
1-0: Fly out, F9 (Flyball, 9LS)
Bottom of the 7th over - 0 run(s), 0 hit(s), 0 error(s), 0 left on base; Kansas City 11 - Plymouth 4
TOP OF THE 8TH
Kansas City Kings batting - Pitching for Plymouth Rocks : LHP Manuel Parra
Batting: LHB Bruno Lalonde 0-0: Called Strike
0-1: Foul Ball, location: 2F
0-2: Foul Ball, location: 2F
0-2: Ball
1-2: Strikes out swinging
Batting: SHB António De La Cruz 0-0: Foul Ball, location: 2F
0-1: Foul Ball, location: 2F
0-2: Ball
1-2: Foul Ball, location: 2F
1-2: Foul Ball, location: 2F
1-2: Ball
2-2: Fly out, F3 (Line Drive, 34)
Batting: RHB Toshimichi Kono 0-0: Foul Ball, location: 2F
0-1: Called Strike
0-2: Strikes out swinging
Top of the 8th over - 0 run(s), 0 hit(s), 0 error(s), 0 left on base; Kansas City 11 - Plymouth 4
BOTTOM OF THE 8TH
Plymouth Rocks batting - Pitching for Kansas City Kings : RHP Larry Pérez
Batting: LHB Roy Patrick 0-0: Called Strike
0-1: Fly out, F8 (Flyball, 78D)
Batting: LHB Roberto García 0-0: Foul Ball, location: 2F
0-1: Swinging Strike
0-2: SINGLE (Line Drive, 6M)
Batting: RHB António Gonzáles 0-0: Fielders Choice at 2nd, 1-4 (Groundball, 15S)
Batting: RHB Luis Sánchez 0-0: Ball
1-0: Ball
2-0: Ball
3-0: Called Strike
3-1: Foul Ball, location: 2F
3-2: Base on Balls
António Gonzáles to second
Batting: LHB Barrett Waters 0-0: Ground out 6-3 (Groundball, 6MS)
Bottom of the 8th over - 0 run(s), 1 hit(s), 0 error(s), 2 left on base; Kansas City 11 - Plymouth 4
TOP OF THE 9TH
Kansas City Kings batting - Pitching for Plymouth Rocks : LHP Manuel Parra
Batting: LHB Pablo Reyes 0-0: Swinging Strike
0-1: Foul Ball, location: 2F
0-2: Ball
1-2: Strikes out swinging
Batting: RHB Chris Chandler 0-0: Foul Ball, location: 2F
0-1: Foul Ball, location: 2F
0-2: SINGLE (Groundball, 6D)
Batting: LHB Brian Boone 0-0: Called Strike
0-1: Ball
1-1: Foul Ball, location: 2F
1-2: Ball
2-2: Ball
Chris Chandler steals 2nd base
3-2: Foul Ball, location: 2F
3-2: Foul Ball, location: 2F
3-2: Ground out U3 (Groundball, 3)
Chris Chandler to third
Pinch Hitting: LHB Ray Spencer 0-0: Foul Ball, location: 2F
0-1: Ball
1-1: SINGLE (Groundball, 6MD)
Chris Chandler scores
Batting: RHB Eric Fuller 0-0: DOUBLE (Flyball, 78XD)
Ray Spencer to third
Runner from 3rd tries for Home, SAFE, no throw
Batting: RHB Raúl Bruno 0-0: Ball
1-0: Ground out 5-3 (Groundball, 56S)
Top of the 9th over - 2 run(s), 3 hit(s), 0 error(s), 1 left on base; Kansas City 13 - Plymouth 4
BOTTOM OF THE 9TH
Plymouth Rocks batting - Pitching for Kansas City Kings : RHP Larry Pérez
Now in CF: Ray Spencer
Batting: RHB Taylor McFarland 0-0: Ball
1-0: Ball
2-0: Foul Ball, location: 2F
2-1: Foul Ball, location: 2F
2-2: Fly out, F4 (Line Drive, 4)
Batting: RHB Javier Rentería 0-0: SINGLE (Flyball, 89S)
Batting: SHB Víctor Serrano 0-0: Foul Ball, location: 2F
0-1: Swinging Strike
0-2: Ball
1-2: SINGLE (Groundball, 4D)
Javier Rentería to second
Runner from 2nd tries for 3rd, SAFE, no throw
Batting: LHB Roger Moore 0-0: Called Strike
0-1: Ball
1-1: Ball
2-1: Foul Ball, location: 2F
2-2: Ball
3-2: Foul Ball, location: 2F
3-2: SINGLE (Line Drive, 89S)
Javier Rentería scores
Víctor Serrano to second
Batting: LHB Roy Patrick 0-0: Foul Ball, location: 2F
0-1: Fielders Choice at 2nd, 6-4 (Groundball, 6M)
Víctor Serrano to third
Batting: LHB Roberto García 0-0: Called Strike
0-1: Ball
1-1: Fly out, F2 (Popup, 2R)
Bottom of the 9th over - 1 run(s), 3 hit(s), 0 error(s), 2 left on base; Kansas City 13 - Plymouth 5
Thursday, March 30th, 2017 - OOTP Baseball 17.12 Build 75